 Dungeon Crawl Stone Soup version 0.31-a0-232-gb1c03b2570 (webtiles) character file.

Game seed: 714321278230296821

38 qw the Shooter (level 3, -5/21 HPs)
             Began as a Gargoyle Hexslinger on July 7, 2023.
             Killed from afar by Robin (7 damage)
             ... with a puff of flame
             ... on level 2 of the Dungeon.
             The game lasted 00:00:21 (834 turns).

qw the Shooter (Gargoyle Hexslinger)                 Turns: 834, Time: 00:00:21

Health: -5/21      AC:  5    Str: 11    XL:     3   Next: 43%
Magic:  4/4        EV: 12    Int: 13    God:
Gold:   47         SH:  0    Dex: 14    Spells: 3/4 levels left

rFire   . . .        Y - +1 sling
rCold   . . .        (no shield)
rNeg    + + .        c - +0 robe
rPois   inf          (no helmet)
rElec   +            (no cloak)
rCorr   .            (no gloves)
SInv    .            (no boots)
Will    .....        (no amulet)
Stlth   +            j - ring of positive energy
HPRegen 0.23/turn    (no ring)
MPRegen 0.09/turn

%: no passive effects
@: no status effects
A: sickness immunity, AC +3, negative energy resistance 1, electricity
resistance, torment resistance 1, petrification resistance
a: no special abilities


You were on level 2 of the Dungeon.
You visited 1 branch of the dungeon, and saw 2 of its levels.

You collected 47 gold pieces.


Innate Abilities, Weirdness & Mutations

You are immune to sickness and miasma.
Your stone body is resilient. (AC +3)
You are immune to poison.
You resist negative energy. (rN+)
You are resistant to electric shocks. (rElec)
You are resistant to unholy torment.
You are immune to petrification.


   Skills:
 - Level 2.0 Fighting
 + Level 3.4 Ranged Weapons
 - Level 1.5 Dodging
 - Level 1.0 Spellcasting
 - Level 2.6 Hexes


You had 3 spell levels left.
You knew the following spells:

 Your Spells              Type           Power      Damage    Failure   Level
a - Slow                  Hex            28%        N/A       10%         1

Your spell library contained the following spells:

 Spells                   Type           Power      Damage    Failure   Level
 Inner Flame              Hex/Fire       4%         N/A       43%         3
 Portal Projectile        Hex/Tloc       8%         N/A       43%         3
 Cause Fear               Hex            3%         N/A       67%         4

Inventory:

Hand Weapons
 Y - a +1 sling (weapon)
Armour
 c - a +0 robe (worn)
Jewellery
 j - a ring of positive energy (left hand)
Scrolls
 a - a scroll of identify
Potions
 d - a potion of curing
 g - a potion of might {unknown}

Dungeon Overview and Level Annotations

Branches:
Dungeon (2/15)

Altars:

Annotations:
D:2 Robin


Message History

The goblin hits you with a +0 dagger.
You shoot a sling bullet.
The sling bullet closely misses the goblin.
The sling bullet closely misses the hobgoblin.
The goblin hits you but does no damage. The goblin closely misses you.
You shoot a sling bullet.
The sling bullet closely misses the goblin.
The sling bullet closely misses the hobgoblin.
The goblin hits you with a +0 dagger.
You shoot a sling bullet. The sling bullet hits the goblin.
The goblin is heavily wounded.
The goblin hits you with a +0 dagger.
You shoot a sling bullet.
The sling bullet closely misses the goblin.
The sling bullet hits the hobgoblin.
The hobgoblin is almost dead.
The goblin completely misses you.
You shoot a sling bullet.
The sling bullet hits the goblin but does no damage.
The goblin is heavily wounded.
The goblin hits you but does no damage.
You shoot a sling bullet.
The sling bullet closely misses the goblin.
The sling bullet hits the hobgoblin.
You kill the hobgoblin!
The goblin hits you with a +0 dagger. Robin throws the goblin at you!
The goblin barely misses you. The goblin closely misses you.
You shoot a sling bullet.
The sling bullet closely misses the goblin.
The goblin hits you with a +0 club. The goblin closely misses you.
You shoot a sling bullet. The sling bullet hits the goblin.
The goblin is severely wounded.
The goblin hits you with a +0 club. The goblin completely misses you.
You shoot a sling bullet.
The sling bullet closely misses the goblin.
The goblin hits you with a +0 club. The goblin closely misses you.
You shoot a sling bullet. The sling bullet hits the goblin.
You kill the goblin!
The goblin misses you.
Robin zaps a wand.
The puff of flame hits you!
You die...

.# ##....#
..###..##.#
...#.#.##.##########
.#..##.##..........#
....##.###########.#
.......# #...#
#.#.#### #######.###
#.#.# #......g#
....# ..#####@#
#.### #)# #<# g..
#.# .#.#. #.#
....#.. ..# .. ..#
.# ### ##. ... .# #
.#.# #


You could see Robin and a goblin (strong).

Vanquished Creatures
  4 ball pythons (D:1)
  2 bats (D:1)
  3 endoplasms (D:1)
  A giant cockroach (D:1)
  9 goblins
  6 hobgoblins
  2 jackals (D:1)
  A frilled lizard (D:2)
  A kobold (D:1)
  4 rats
33 creatures vanquished.

Notes
Turn   | Place    | Note
-------+----------+-------------------------------------------
     0 | D:1      | qw the Gargoyle Hexslinger began the quest for the Orb.
     0 | D:1      | Reached XP level 1. HP: 12/12 MP: 2/2
     0 | D:1      | 0 ||| qw: Version: 0.3-a-46-gb1f654a
     0 | D:1      | 0 ||| qw: Game counter: 2636
     0 | D:1      | 0 ||| qw: Melee chars always use a shield: true
     0 | D:1      | 0 ||| qw: God list: Okawaru
     0 | D:1      | 0 ||| qw: Allow faded altars: false
     0 | D:1      | 0 ||| qw: Do Orc after clearing Dungeon:15 true
     0 | D:1      | 0 ||| qw: Do second Lair branch before Depths: true
     0 | D:1      | 0 ||| qw: Lair rune preference: random
     0 | D:1      | 0 ||| qw: Goals: Normal
     0 | D:1      | 0 ||| PLANNING D:1-11
    40 | D:1      | Reached XP level 2. HP: 16/16 MP: 3/3
   238 | D:1      | Reached skill level 3 in Ranged Weapons
   487 | D:1      | Reached XP level 3. HP: 20/21 MP: 4/4
   646 | D:1      | 646 ||| DROPPING scarf of shadows.
   647 | D:1      | 647 ||| UPGRADING to ring of positive energy.
   648 | D:1      | 648 ||| READING 4 scrolls labelled JOCSYM HORIP.
   649 | D:1      | 649 ||| READING scroll labelled ECUJURR OKERY.
   650 | D:1      | 650 ||| READING scroll labelled FAIF PIMOSCH.
   751 | D:1      | 751 ||| READING 3 scrolls of identify.
   751 | D:1      | 751 ||| IDENTIFYING yellow potion
   752 | D:1      | 752 ||| READING 2 scrolls of identify.
   752 | D:1      | 752 ||| IDENTIFYING white potion
   753 | D:1      | 753 ||| DROPPING scroll of poison.
   754 | D:1      | 754 ||| DROPPING potion of attraction.
   813 | D:2      | Noticed Robin
   830 | D:2      | HP: 5/21 [goblin/+0 dagger[Robin] (5)]
   832 | D:2      | HP: 2/21 [goblin/+0 club[Robin] (2)]
   834 | D:2      | Killed from afar by Robin

Levels and vault maps discovered:
D:1:      dpeg_arrival_simpleton_b, layout_basic, feat_on_display
D:2:      layout_loops_cross, nicolae_half_adder, uniq_jessica, uniq_terence,
          uniq_robin

Skill      XL: |  1  2 |
---------------+-------+-----
Ranged Weapons | 3 |  3.4
Fighting       | 2 |  2.0
Dodging        | |  1.5
Spellcasting   | |  1.0
Hexes          | |  2.6

Action                     || total
---------------------------++-------
   Fire: Sling             ||    90
    Use: Scroll            ||     5
 Armour: Robe              ||    11
  Dodge: Dodged            ||    23

Table legend:
 A = Non-vault XP
 B = Vault XP
 C = Vault XP percentage of total XP
 D = Non-vault monster count
 E = Vault monster count
 F = Vault count percentage of total count
                 A         B        C        D         E       F
            +---------+---------+-------+---------+---------+-------
      Total |      40 |      17 |  29.8 |      24 |       9 |  27.3
            +---------+---------+-------+---------+---------+-------
        D:1 |      38 |       0 |   0.0 |      22 |       0 |   0.0
        D:2 |       2 |      17 |  89.5 |       2 |       9 |  81.8
            +---------+---------+-------+---------+---------+-------
